[ AOE2 MATCH · #478024894 ]
Team RMBritons vs Khmer
[ REPLAY ANALYSIS · EXTRACTED FROM THE RECORDED GAME ]
Feudal
12:03
Castle
20:15
Imperial
36:29
| APM avg | 27.0 |
| APM peak | 55 |
| eAPM avg | 15.0 |
| Villagers / military | 118 / 75 |
Focus
⚔️ 31.1% · 🌾 68.9%
Longbowman ×39 · Spearman ×20 · Archer ×6 · Mangonel ×5 · Trebuchet (Packed) ×3 · Battering Ram ×1
Feudal
12:27
Castle
21:19
Imperial
43:50
| APM avg | 24.1 |
| APM peak | 64 |
| eAPM avg | 13.6 |
| Villagers / military | 91 / 58 |
Focus
⚔️ 25.3% · 🌾 74.7%
Archer ×18 · Cavalry Archer ×15 · Battle Elephant ×9 · Spearman ×5 · Skirmisher ×4 · Petard ×3
Feudal
10:59
Castle
19:45
Imperial
38:41
| APM avg | 26.5 |
| APM peak | 66 |
| eAPM avg | 16.1 |
| Villagers / military | 84 / 91 |
Focus
⚔️ 34.2% · 🌾 65.8%
Skirmisher ×31 · Spearman ×29 · Scorpion ×24 · Trade Cart ×4 · Trebuchet (Packed) ×4 · Battering Ram ×2
Feudal
13:48
Castle
23:10
Imperial
—
| APM avg | 26.7 |
| APM peak | 65 |
| eAPM avg | 14.5 |
| Villagers / military | 111 / 54 |
Focus
⚔️ 35.9% · 🌾 64.1%
Tarkan ×33 · Skirmisher ×9 · Trade Cart ×6 · Monk ×6 · Battering Ram ×6
Feudal
11:25
Castle
36:56
Imperial
—
| APM avg | 24.4 |
| APM peak | 44 |
| eAPM avg | 12.1 |
| Villagers / military | 59 / 66 |
Focus
⚔️ 29.8% · 🌾 70.2%
Skirmisher ×16 · Knight ×16 · Scout Cavalry ×15 · Archer ×10 · Trade Cart ×7 · Militia ×5
Feudal
10:59
Castle
23:38
Imperial
39:24
| APM avg | 17.1 |
| APM peak | 41 |
| eAPM avg | 10.7 |
| Villagers / military | 92 / 58 |
Focus
⚔️ 24.8% · 🌾 75.2%
Scorpion ×41 · Militia ×5 · Centurion ×5 · Battering Ram ×4 · Monk ×2 · Mangonel ×1
Match map
Initial resources + every placement click. Lines = walls · curves = elevation contours. ◆ gold · ⬟ stone · ● berries · ✦ relic · ◌ wall gap
Your base· Open — 3t gap
PROdutchy's base· Open — 5t gap
DigitalTwelve's base· Open — 4t gap
MagicTurtle's base· ✓ Closed at 23:10 · 91t walls · 4 gate(s)
HammeredLad's base· ✓ Closed at 36:56 · 10t walls · 2 gate(s)
DigitalSixteen's base· Open — unwalled flank
Smoothed initial terrain · ◌ = detected wall gap · hover for details
Inputs per minute
— Banana Bandage - - PROdutchy
Build order — Banana Bandage
First 150 of 295 actions detected
| 0:01 | Create | Villager (Male) |
| 0:01 | Create | Villager (Male) |
| 0:02 | Create | Villager (Male) |
| 0:04 | Build | House |
| 0:06 | Build | House |
| 0:07 | Create | Villager (Male) |
| 1:24 | Create | Villager (Male) |
| 1:52 | Build | Lumber Camp |
| 2:07 | Create | Villager (Male) |
| 2:07 | Create | Villager (Male) |
| 2:37 | Create | Villager (Male) |
| 3:32 | Create | Villager (Male) |
| 3:37 | Build | House |
| 4:07 | Create | Villager (Male) |
| 4:07 | Create | Villager (Male) |
| 4:20 | Build | Mill |
| 5:04 | Create | Villager (Male) |
| 5:04 | Create | Villager (Male) |
| 5:34 | Create | Villager (Male) |
| 5:34 | Create | Villager (Male) |
| 5:45 | Build | House |
| 6:47 | Create | Villager (Male) |
| 6:47 | Create | Villager (Male) |
| 7:46 | Create | Villager (Male) |
| 7:46 | Create | Villager (Male) |
| 8:58 | Build | Mining Camp |
| 9:03 | Create | Villager (Male) |
| 9:03 | Research | Feudal Age |
| 9:05 | Research | Loom |
| 9:06 | Research | Feudal Age |
| 9:36 | Build | Farm |
| 9:39 | Build | Farm |
| 10:46 | Build | House |
| 11:22 | Build | House |
| 11:37 | Create | Villager (Male) |
| 11:37 | Create | Villager (Male) |
| 12:03 | Age | Feudal Age |
| 12:10 | Build | Blacksmith |
| 12:27 | Build | Market |
| 12:33 | Create | Villager (Male) |
| 12:34 | Create | Villager (Male) |
| 12:46 | Build | Palisade Wall |
| 12:47 | Build | Palisade Wall |
| 12:56 | Build | Palisade Wall |
| 12:58 | Build | Palisade Wall |
| 13:33 | Create | Villager (Male) |
| 13:33 | Create | Villager (Male) |
| 13:47 | Build | Gate |
| 13:58 | Build | Gate |
| 14:00 | Build | Stone Wall |
| 14:12 | Build | Palisade Wall |
| 14:35 | Build | Stone Wall |
| 14:36 | Build | Stone Wall |
| 14:37 | Build | Stone Wall |
| 14:46 | Build | Farm |
| 14:52 | Build | Farm |
| 14:54 | Build | Farm |
| 15:34 | Build | Farm |
| 15:48 | Build | Barracks |
| 16:31 | Build | Archery Range |
| 16:38 | Build | Mining Camp |
| 16:42 | Build | Farm |
| 16:45 | Build | Farm |
| 16:51 | Build | Farm |
| 16:54 | Build | Farm |
| 17:05 | Build | Farm |
| 17:08 | Build | Farm |
| 17:14 | Build | Farm |
| 17:17 | Build | Farm |
| 17:18 | Research | Double-Bit Axe |
| 17:20 | Research | Horse Collar |
| 17:24 | Create | Archer |
| 17:24 | Create | Archer |
| 17:25 | Create | Archer |
| 17:33 | Create | Villager (Male) |
| 17:34 | Research | Castle Age |
| 18:11 | Create | Archer |
| 18:18 | Create | Villager (Male) |
| 18:19 | Create | Villager (Male) |
| 18:34 | Create | Archer |
| 19:37 | Create | Archer |
| 19:49 | Create | Villager (Male) |
| 20:08 | Create | Villager (Male) |
| 20:09 | Create | Villager (Male) |
| 20:15 | Age | Castle Age |
| 20:17 | Build | Stone Wall |
| 20:22 | Build | Stone Wall |
| 20:24 | Build | Stone Wall |
| 20:25 | Create | Villager (Male) |
| 20:26 | Create | Villager (Male) |
| 20:28 | Create | Villager (Male) |
| 20:28 | Create | Villager (Male) |
| 20:34 | Build | House |
| 20:39 | Create | Villager (Male) |
| 20:40 | Create | Villager (Male) |
| 20:46 | Research | Wheelbarrow |
| 21:02 | Build | Town Center |
| 21:05 | Create | Villager (Male) |
| 21:05 | Create | Villager (Male) |
| 22:04 | Create | Villager (Male) |
| 22:05 | Create | Villager (Male) |
| 22:07 | Research | Hand Cart |
| 22:13 | Build | House |
| 22:14 | Build | House |
| 22:15 | Build | House |
| 22:16 | Build | House |
| 22:17 | Create | Villager (Male) |
| 22:33 | Create | Villager (Male) |
| 22:34 | Create | Villager (Male) |
| 22:39 | Create | Villager (Male) |
| 22:39 | Create | Villager (Male) |
| 22:44 | Build | Farm |
| 22:44 | Build | Farm |
| 22:44 | Build | Farm |
| 22:45 | Build | Farm |
| 22:46 | Create | Villager (Male) |
| 22:46 | Create | Villager (Male) |
| 22:58 | Research | Bow Saw |
| 23:03 | Build | Farm |
| 23:09 | Create | Villager (Male) |
| 23:29 | Build | Town Center |
| 23:32 | Create | Villager (Male) |
| 23:32 | Create | Villager (Male) |
| 23:56 | Research | Town Watch |
| 23:59 | Create | Villager (Male) |
| 24:03 | Build | Farm |
| 24:16 | Create | Villager (Male) |
| 24:31 | Create | Villager (Male) |
| 24:32 | Create | Villager (Male) |
| 24:42 | Research | Heavy Plow |
| 24:45 | Create | Villager (Male) |
| 24:59 | Research | Fletching |
| 25:00 | Research | Padded Archer Armor |
| 25:13 | Build | Farm |
| 25:36 | Research | Crossbowman (upgrade) |
| 25:37 | Create | Villager (Male) |
| 25:37 | Create | Villager (Male) |
| 25:40 | Build | Archery Range |
| 25:44 | Build | Farm |
| 26:06 | Create | Villager (Male) |
| 26:06 | Create | Villager (Male) |
| 26:13 | Create | Villager (Male) |
| 26:13 | Create | Villager (Male) |
| 26:18 | Build | Farm |
| 26:33 | Create | Villager (Male) |
| 26:33 | Create | Villager (Male) |
| 26:56 | Build | Siege Workshop |
| 26:58 | Create | Villager (Male) |
| 26:58 | Create | Villager (Male) |
| 26:59 | Create | Villager (Male) |
Build order — PROdutchy
First 150 of 201 actions detected
| 0:02 | Build | House |
| 0:03 | Build | House |
| 0:04 | Create | Villager (Male) ×4 |
| 1:42 | Create | Villager (Male) |
| 2:07 | Create | Villager (Male) |
| 2:43 | Create | Villager (Male) |
| 2:58 | Create | Villager (Male) |
| 3:04 | Create | Villager (Male) |
| 3:15 | Build | Lumber Camp |
| 3:20 | Create | Villager (Male) |
| 4:14 | Create | Villager (Male) |
| 4:14 | Create | Villager (Male) |
| 4:28 | Create | Villager (Male) |
| 4:36 | Build | House |
| 4:37 | Build | House |
| 4:52 | Research | Loom |
| 4:53 | Create | Villager (Male) |
| 4:53 | Create | Villager (Male) |
| 4:58 | Create | Villager (Male) |
| 5:20 | Create | Villager (Male) |
| 5:21 | Create | Villager (Male) |
| 5:40 | Build | House |
| 6:17 | Build | Barracks |
| 6:39 | Build | House |
| 6:59 | Create | Villager (Male) |
| 7:05 | Create | Villager (Male) |
| 7:32 | Build | Mill |
| 8:03 | Create | Villager (Male) |
| 8:30 | Create | Villager (Male) |
| 8:39 | Build | House |
| 8:40 | Build | Palisade Wall |
| 8:48 | Build | Mining Camp |
| 8:54 | Create | Villager (Male) |
| 9:12 | Create | Villager (Male) |
| 9:12 | Create | Villager (Male) |
| 10:01 | Build | House |
| 10:14 | Research | Feudal Age |
| 10:28 | Build | House |
| 10:29 | Build | House |
| 11:55 | Build | Farm |
| 11:55 | Build | Farm |
| 11:58 | Build | Farm |
| 12:03 | Build | Farm |
| 12:09 | Create | Villager (Male) |
| 12:09 | Create | Villager (Male) |
| 12:27 | Age | Feudal Age |
| 12:38 | Build | Archery Range |
| 12:45 | Build | House |
| 12:46 | Build | House |
| 13:17 | Create | Archer |
| 13:18 | Create | Archer ×4 |
| 13:18 | Create | Archer ×4 |
| 13:30 | Build | Blacksmith |
| 13:44 | Create | Spearman |
| 13:50 | Create | Villager (Male) |
| 13:50 | Create | Villager (Male) |
| 14:01 | Build | Farm |
| 14:07 | Research | Fletching |
| 14:30 | Build | Farm |
| 14:31 | Build | Farm |
| 14:35 | Create | Villager (Male) |
| 14:37 | Research | Double-Bit Axe |
| 14:42 | Research | Horse Collar |
| 14:53 | Build | Farm |
| 14:57 | Build | Farm |
| 14:59 | Create | Villager (Male) |
| 15:07 | Research | Padded Archer Armor |
| 15:09 | Create | Archer ×4 |
| 15:26 | Create | Villager (Male) |
| 15:28 | Build | Farm |
| 15:34 | Create | Villager (Male) |
| 15:38 | Build | Farm |
| 15:56 | Build | Archery Range |
| 17:07 | Create | Villager (Male) ×5 |
| 17:13 | Build | Farm |
| 17:15 | Build | Farm |
| 17:39 | Build | House |
| 17:44 | Build | Farm |
| 17:44 | Build | Farm |
| 17:45 | Build | Farm |
| 17:45 | Build | Farm |
| 17:49 | Create | Villager (Male) |
| 17:49 | Create | Villager (Male) |
| 17:51 | Build | Farm |
| 18:06 | Build | Farm |
| 18:34 | Build | Mining Camp |
| 18:39 | Research | Castle Age |
| 18:53 | Build | House |
| 18:54 | Build | House |
| 19:01 | Create | Skirmisher ×4 |
| 19:08 | Create | Spearman |
| 19:13 | Create | Spearman |
| 19:30 | Research | Gold Mining |
| 19:40 | Create | Archer ×5 |
| 20:04 | Research | Stone Mining |
| 20:31 | Create | Spearman |
| 20:35 | Create | Spearman |
| 21:02 | Build | Stable |
| 21:19 | Age | Castle Age |
| 21:20 | Research | Crossbowman (upgrade) |
| 21:24 | Research | Bodkin Arrow |
| 21:40 | Research | Bow Saw |
| 21:44 | Create | Villager (Male) |
| 21:54 | Create | Scout Cavalry |
| 22:03 | Build | University |
| 22:07 | Build | House |
| 22:25 | Create | Villager (Male) |
| 22:25 | Create | Villager (Male) |
| 22:25 | Create | Villager (Male) |
| 24:38 | Research | Ballistics |
| 24:46 | Create | Villager (Male) ×5 |
| 25:17 | Build | Town Center |
| 26:31 | Research | Wheelbarrow |
| 26:41 | Research | Leather Archer Armor |
| 26:45 | Research | Thumb Ring |
| 26:55 | Research | Bloodlines |
| 26:56 | Research | Husbandry |
| 27:18 | Create | Villager (Male) ×5 |
| 27:28 | Build | Lumber Camp |
| 27:54 | Build | Farm |
| 28:00 | Create | Battle Elephant ×4 |
| 28:09 | Build | Castle |
| 28:24 | Create | Battle Elephant |
| 28:33 | Create | Villager (Male) |
| 28:42 | Research | Scale Barding Armor |
| 28:53 | Build | Gate |
| 29:31 | Create | Battle Elephant ×3 |
| 29:41 | Create | Villager (Male) |
| 30:14 | Research | Stone Shaft Mining |
| 30:28 | Build | Mining Camp |
| 30:56 | Build | Gate |
| 31:15 | Create | Battle Elephant |
| 31:23 | Build | House |
| 31:46 | Research | Hand Cart |
| 32:12 | Build | Monastery |
| 32:16 | Create | Villager (Male) ×5 |
| 32:18 | Build | Farm |
| 32:20 | Build | Farm |
| 32:21 | Build | Farm |
| 32:25 | Build | Farm |
| 32:38 | Create | Villager (Male) ×5 |
| 32:54 | Research | Chain Barding Armor |
| 33:26 | Research | Chatras |
| 33:36 | Create | Monk |
| 33:40 | Create | Villager (Male) ×4 |
| 33:51 | Build | Farm |
| 33:51 | Build | Farm |
| 33:57 | Build | Farm |
| 34:01 | Build | Farm |
| 34:04 | Build | Farm |
Build order — DigitalTwelve
First 150 of 286 actions detected
| 0:02 | Build | House |
| 0:05 | Build | House |
| 0:06 | Create | Villager (Male) |
| 0:06 | Create | Villager (Male) |
| 0:46 | Create | Villager (Male) |
| 1:11 | Create | Villager (Male) |
| 1:31 | Build | Lumber Camp |
| 1:33 | Create | Villager (Male) |
| 2:33 | Create | Villager (Male) |
| 2:35 | Create | Villager (Male) |
| 3:25 | Create | Villager (Male) |
| 3:25 | Create | Villager (Male) |
| 3:52 | Create | Villager (Male) |
| 4:21 | Build | House |
| 4:32 | Create | Villager (Male) |
| 4:33 | Create | Villager (Male) |
| 4:47 | Build | Mill |
| 5:04 | Create | Villager (Male) |
| 5:54 | Create | Villager (Male) |
| 5:54 | Create | Villager (Male) |
| 6:14 | Create | Villager (Male) |
| 6:21 | Build | House |
| 6:40 | Create | Villager (Male) |
| 7:03 | Create | Villager (Male) |
| 7:21 | Create | Villager (Male) |
| 7:41 | Build | Mining Camp |
| 7:44 | Create | Villager (Male) |
| 8:38 | Create | Villager (Male) |
| 8:40 | Research | Feudal Age |
| 10:06 | Research | Loom |
| 10:28 | Build | Farm |
| 10:34 | Build | Farm |
| 10:59 | Age | Feudal Age |
| 11:09 | Create | Villager (Male) |
| 11:09 | Create | Villager (Male) |
| 11:41 | Create | Villager (Male) |
| 11:46 | Build | House |
| 12:19 | Build | House |
| 12:24 | Build | House |
| 12:35 | Build | Blacksmith |
| 12:36 | Create | Villager (Male) |
| 12:41 | Research | Double-Bit Axe |
| 12:45 | Research | Horse Collar |
| 12:56 | Create | Villager (Male) |
| 12:57 | Create | Villager (Male) |
| 13:17 | Create | Villager (Male) |
| 13:17 | Create | Villager (Male) |
| 13:28 | Build | Barracks |
| 13:37 | Build | Farm |
| 13:39 | Create | Villager (Male) |
| 13:49 | Build | Farm |
| 14:03 | Build | Farm |
| 14:13 | Build | Farm |
| 14:16 | Create | Villager (Male) |
| 14:30 | Build | Farm |
| 14:30 | Build | Farm |
| 14:50 | Build | Farm |
| 14:53 | Create | Villager (Male) |
| 15:07 | Build | Farm |
| 15:34 | Build | Market |
| 15:41 | Build | Palisade Wall |
| 16:02 | Build | Farm |
| 16:09 | Build | Farm |
| 16:19 | Create | Villager (Male) |
| 16:33 | Create | Spearman |
| 16:33 | Create | Spearman |
| 16:33 | Create | Spearman |
| 16:34 | Create | Spearman |
| 16:58 | Build | House |
| 17:05 | Research | Castle Age |
| 17:10 | Build | House |
| 17:42 | Build | Stone Wall |
| 17:48 | Build | House |
| 17:55 | Build | Stone Wall |
| 18:16 | Build | Farm |
| 18:20 | Build | Farm |
| 18:25 | Research | Forging |
| 19:32 | Create | Villager (Male) |
| 19:32 | Create | Villager (Male) |
| 19:34 | Create | Villager (Male) |
| 19:45 | Age | Castle Age |
| 20:19 | Build | Mining Camp |
| 20:22 | Create | Villager (Male) |
| 20:50 | Create | Villager (Male) |
| 20:50 | Create | Villager (Male) |
| 21:03 | Create | Villager (Male) |
| 21:03 | Create | Villager (Male) |
| 21:20 | Build | Town Center |
| 21:26 | Create | Villager (Male) |
| 21:27 | Create | Villager (Male) |
| 21:29 | Create | Villager (Male) |
| 21:44 | Build | Siege Workshop |
| 21:47 | Create | Villager (Male) |
| 22:18 | Build | Siege Workshop |
| 22:32 | Create | Villager (Male) |
| 22:40 | Create | Battering Ram |
| 22:41 | Create | Battering Ram |
| 22:46 | Research | Bow Saw |
| 22:49 | Research | Heavy Plow |
| 22:55 | Research | Stone Mining |
| 23:05 | Research | Iron Casting |
| 23:15 | Build | Lumber Camp |
| 23:25 | Build | Siege Workshop |
| 24:05 | Build | Barracks |
| 24:50 | Create | Scorpion |
| 24:50 | Create | Scorpion |
| 24:50 | Create | Scorpion |
| 24:51 | Create | Scorpion |
| 24:51 | Create | Scorpion |
| 25:05 | Build | Archery Range |
| 25:07 | Create | Villager (Male) |
| 25:08 | Create | Villager (Male) |
| 25:09 | Create | Villager (Male) |
| 25:10 | Create | Villager (Male) |
| 25:10 | Create | Villager (Male) |
| 25:10 | Create | Villager (Male) |
| 25:11 | Create | Villager (Male) |
| 25:13 | Create | Villager (Male) |
| 25:39 | Research | Fletching |
| 25:46 | Build | House |
| 25:47 | Build | House |
| 25:50 | Create | Villager (Male) |
| 25:50 | Create | Villager (Male) |
| 25:52 | Create | Villager (Male) |
| 25:52 | Create | Villager (Male) |
| 26:01 | Research | Elite Skirmisher (upgrade) |
| 26:02 | Create | Skirmisher |
| 26:02 | Create | Skirmisher |
| 26:02 | Create | Skirmisher |
| 26:02 | Create | Skirmisher |
| 26:03 | Create | Skirmisher |
| 26:09 | Build | Archery Range |
| 26:34 | Build | Farm |
| 26:35 | Build | Farm |
| 26:37 | Create | Villager (Male) |
| 26:37 | Create | Villager (Male) |
| 26:41 | Create | Villager (Male) |
| 26:41 | Create | Villager (Male) |
| 27:00 | Build | Mining Camp |
| 27:08 | Build | House |
| 27:11 | Create | Villager (Male) |
| 27:11 | Create | Villager (Male) |
| 27:14 | Build | Farm |
| 27:16 | Build | Farm |
| 27:27 | Create | Villager (Male) |
| 28:22 | Build | House |
| 28:23 | Build | House |
| 28:27 | Create | Skirmisher |
| 28:27 | Create | Skirmisher |
| 28:27 | Create | Skirmisher |
Build order — MagicTurtle
First 150 of 271 actions detected
| 0:01 | Create | Villager (Male) |
| 0:02 | Create | Villager (Male) |
| 0:23 | Create | Villager (Male) |
| 0:23 | Create | Villager (Male) |
| 1:40 | Create | Villager (Male) |
| 1:46 | Build | Lumber Camp |
| 2:05 | Create | Villager (Male) |
| 2:05 | Create | Villager (Male) |
| 2:52 | Create | Villager (Male) |
| 4:17 | Create | Villager (Male) |
| 4:17 | Create | Villager (Male) |
| 4:59 | Build | Mill |
| 5:08 | Create | Villager (Male) |
| 5:48 | Create | Villager (Male) |
| 5:48 | Create | Villager (Male) |
| 5:59 | Create | Villager (Male) |
| 6:11 | Create | Villager (Male) |
| 6:59 | Create | Villager (Male) |
| 6:59 | Create | Villager (Male) |
| 7:00 | Create | Villager (Male) |
| 7:10 | Build | Lumber Camp |
| 7:24 | Create | Villager (Male) |
| 7:24 | Create | Villager (Male) |
| 7:25 | Create | Villager (Male) |
| 8:33 | Create | Villager (Male) |
| 8:33 | Create | Villager (Male) |
| 8:33 | Create | Villager (Male) |
| 8:33 | Create | Villager (Male) |
| 8:53 | Create | Villager (Male) |
| 8:59 | Build | Mining Camp |
| 9:24 | Create | Villager (Male) |
| 9:40 | Create | Villager (Male) |
| 9:41 | Create | Villager (Male) |
| 9:53 | Create | Villager (Male) |
| 9:53 | Create | Villager (Male) |
| 9:53 | Create | Villager (Male) |
| 10:16 | Build | Mining Camp |
| 10:26 | Build | Barracks |
| 10:49 | Build | Farm |
| 10:58 | Create | Villager (Male) |
| 10:58 | Create | Villager (Male) |
| 11:05 | Research | Loom |
| 11:06 | Research | Feudal Age |
| 11:09 | Create | Villager (Male) |
| 11:09 | Create | Villager (Male) |
| 11:09 | Create | Villager (Male) |
| 11:30 | Build | Palisade Wall |
| 11:36 | Build | Palisade Wall |
| 11:40 | Build | Palisade Wall |
| 11:43 | Create | Villager (Male) |
| 11:43 | Create | Villager (Male) |
| 11:43 | Create | Villager (Male) |
| 12:05 | Build | Palisade Wall |
| 12:07 | Build | Palisade Wall |
| 13:08 | Create | Villager (Male) |
| 13:08 | Create | Villager (Male) |
| 13:09 | Create | Villager (Male) |
| 13:31 | Build | Palisade Gate |
| 13:43 | Build | Farm |
| 13:48 | Age | Feudal Age |
| 13:50 | Create | Villager (Male) |
| 13:50 | Create | Villager (Male) |
| 14:13 | Build | Stone Wall |
| 14:17 | Build | Watch Tower |
| 14:31 | Build | Archery Range |
| 14:33 | Create | Villager (Male) |
| 14:33 | Create | Villager (Male) |
| 14:33 | Create | Villager (Male) |
| 14:34 | Create | Villager (Male) |
| 14:34 | Create | Villager (Male) |
| 14:34 | Create | Villager (Male) |
| 14:34 | Create | Villager (Male) |
| 14:43 | Build | Blacksmith |
| 14:54 | Build | Watch Tower |
| 14:56 | Create | Villager (Male) |
| 14:56 | Create | Villager (Male) |
| 14:56 | Create | Villager (Male) |
| 15:05 | Build | Stone Wall |
| 15:09 | Build | Stone Wall |
| 15:26 | Build | Gate |
| 15:44 | Create | Villager (Male) |
| 15:44 | Create | Villager (Male) |
| 15:56 | Build | Stone Wall |
| 15:57 | Build | Stone Wall |
| 15:57 | Build | Stone Wall |
| 15:58 | Build | Stone Wall |
| 15:58 | Build | Stone Wall |
| 16:00 | Build | Stone Wall |
| 16:00 | Build | Stone Wall |
| 16:03 | Build | Farm |
| 16:06 | Create | Skirmisher |
| 16:07 | Create | Skirmisher |
| 16:07 | Create | Skirmisher |
| 16:07 | Create | Skirmisher |
| 16:07 | Create | Skirmisher |
| 16:25 | Build | Farm |
| 16:37 | Build | Stone Wall |
| 16:52 | Build | Stone Wall |
| 16:53 | Build | Stone Wall |
| 16:53 | Build | Stone Wall |
| 16:54 | Build | Stone Wall |
| 16:55 | Build | Stone Wall |
| 16:56 | Build | Stone Wall |
| 16:56 | Build | Stone Wall |
| 16:56 | Build | Stone Wall |
| 17:19 | Build | Farm |
| 17:39 | Build | Farm |
| 18:00 | Build | Stone Wall |
| 18:16 | Build | Market |
| 18:22 | Build | Farm |
| 19:11 | Build | Farm |
| 19:21 | Research | Fletching |
| 19:43 | Build | Farm |
| 20:15 | Build | Stone Wall |
| 20:30 | Research | Castle Age |
| 21:13 | Build | Farm |
| 21:31 | Research | Padded Archer Armor |
| 21:56 | Build | Farm |
| 22:01 | Research | Double-Bit Axe |
| 22:02 | Research | Horse Collar |
| 22:45 | Research | Gold Mining |
| 22:51 | Build | Farm |
| 23:10 | Age | Castle Age |
| 23:31 | Build | Stable |
| 23:43 | Build | Town Center |
| 23:52 | Build | Castle |
| 23:54 | Create | Villager (Male) |
| 23:54 | Create | Villager (Male) |
| 23:55 | Create | Villager (Male) |
| 23:55 | Create | Villager (Male) |
| 23:55 | Create | Villager (Male) |
| 24:06 | Create | Villager (Male) |
| 24:48 | Build | Stone Wall |
| 25:05 | Research | Husbandry |
| 25:15 | Build | Farm |
| 25:20 | Create | Villager (Male) |
| 25:20 | Create | Villager (Male) |
| 25:20 | Create | Villager (Male) |
| 25:21 | Create | Villager (Male) |
| 25:28 | Research | Bow Saw |
| 25:49 | Create | Villager (Male) |
| 26:00 | Create | Tarkan |
| 26:06 | Build | Farm |
| 26:08 | Build | Farm |
| 26:18 | Build | Farm |
| 26:18 | Build | Farm |
| 26:21 | Create | Villager (Male) |
| 26:33 | Create | Villager (Male) |
| 26:38 | Build | Farm |
| 26:41 | Build | Farm |
Build order — HammeredLad
First 150 of 212 actions detected
| 0:01 | Create | Villager (Male) |
| 0:01 | Create | Villager (Male) |
| 0:02 | Create | Villager (Male) |
| 0:02 | Create | Villager (Male) |
| 0:06 | Build | House |
| 0:08 | Build | House |
| 1:31 | Create | Villager (Male) |
| 1:53 | Build | Lumber Camp |
| 2:19 | Create | Villager (Male) |
| 2:38 | Create | Villager (Male) |
| 3:05 | Create | Villager (Male) |
| 3:40 | Create | Villager (Male) |
| 3:58 | Create | Villager (Male) |
| 4:20 | Create | Villager (Male) |
| 4:37 | Build | House |
| 4:40 | Build | House |
| 4:47 | Research | Loom |
| 5:03 | Build | Mill |
| 5:15 | Build | House |
| 5:53 | Create | Villager (Male) |
| 5:53 | Create | Villager (Male) |
| 6:13 | Create | Villager (Male) |
| 6:14 | Create | Villager (Male) |
| 6:20 | Build | Barracks |
| 6:32 | Create | Villager (Male) |
| 7:09 | Create | Villager (Male) |
| 7:09 | Create | Villager (Male) |
| 7:23 | Build | Mining Camp |
| 7:34 | Create | Villager (Male) |
| 8:01 | Create | Villager (Male) |
| 8:15 | Build | House |
| 8:29 | Build | House |
| 9:16 | Research | Feudal Age |
| 10:03 | Create | Militia |
| 10:03 | Create | Militia |
| 10:04 | Create | Militia |
| 10:31 | Create | Militia |
| 10:55 | Create | Militia |
| 11:25 | Age | Feudal Age |
| 11:32 | Build | Archery Range |
| 11:34 | Build | Archery Range |
| 11:48 | Build | Archery Range |
| 11:51 | Research | Man-at-Arms (upgrade) |
| 11:58 | Create | Villager (Male) |
| 12:37 | Research | Arson |
| 13:20 | Create | Archer |
| 13:21 | Create | Archer |
| 13:31 | Create | Villager (Male) |
| 13:54 | Create | Archer |
| 14:31 | Build | Blacksmith |
| 14:35 | Build | Market |
| 14:44 | Build | Stable |
| 14:49 | Build | Stable |
| 14:52 | Create | Villager (Male) |
| 14:52 | Create | Villager (Male) |
| 14:52 | Create | Villager (Male) |
| 14:52 | Create | Villager (Male) |
| 15:07 | Create | Archer |
| 15:07 | Create | Archer |
| 15:10 | Create | Villager (Male) |
| 15:25 | Create | Archer |
| 15:37 | Build | House |
| 15:53 | Create | Villager (Male) |
| 15:58 | Research | Town Watch |
| 17:09 | Create | Villager (Male) |
| 17:09 | Create | Villager (Male) |
| 17:09 | Create | Villager (Male) |
| 17:09 | Create | Villager (Male) |
| 17:35 | Create | Archer |
| 17:35 | Create | Archer |
| 17:39 | Create | Scout Cavalry |
| 18:27 | Build | Farm |
| 18:28 | Build | Farm |
| 18:28 | Build | Farm |
| 18:28 | Build | Farm |
| 18:28 | Build | Farm |
| 18:29 | Build | Farm |
| 18:29 | Build | Farm |
| 18:29 | Build | Farm |
| 18:29 | Build | Farm |
| 18:33 | Create | Villager (Male) |
| 18:49 | Create | Villager (Male) |
| 18:49 | Create | Villager (Male) |
| 18:49 | Create | Villager (Male) |
| 19:32 | Build | Stone Wall |
| 19:37 | Build | Gate |
| 19:42 | Build | Mining Camp |
| 19:48 | Build | Stone Wall |
| 19:52 | Create | Villager (Male) |
| 20:26 | Build | House |
| 20:30 | Build | House |
| 20:48 | Research | Bloodlines |
| 20:55 | Research | Fletching |
| 20:59 | Create | Villager (Male) |
| 21:15 | Build | Farm |
| 21:15 | Build | Farm |
| 21:31 | Build | Farm |
| 21:37 | Build | Farm |
| 22:32 | Create | Skirmisher |
| 22:32 | Create | Skirmisher |
| 22:33 | Create | Skirmisher |
| 22:33 | Create | Skirmisher |
| 22:33 | Create | Skirmisher |
| 22:46 | Create | Skirmisher |
| 22:46 | Create | Skirmisher |
| 22:46 | Create | Skirmisher |
| 22:46 | Create | Skirmisher |
| 22:52 | Create | Scout Cavalry |
| 22:52 | Create | Scout Cavalry |
| 22:52 | Create | Scout Cavalry |
| 22:53 | Create | Scout Cavalry |
| 22:53 | Create | Scout Cavalry |
| 22:53 | Create | Scout Cavalry |
| 22:53 | Create | Scout Cavalry |
| 23:09 | Research | Padded Archer Armor |
| 23:27 | Build | Stone Wall |
| 24:44 | Create | Skirmisher |
| 24:44 | Create | Skirmisher |
| 24:44 | Create | Skirmisher |
| 26:50 | Build | Stone Wall |
| 27:07 | Build | Stone Wall |
| 27:18 | Create | Villager (Male) |
| 27:19 | Create | Villager (Male) |
| 27:19 | Create | Villager (Male) |
| 27:20 | Create | Villager (Male) |
| 27:20 | Create | Villager (Male) |
| 27:37 | Create | Skirmisher |
| 27:37 | Create | Skirmisher |
| 27:37 | Create | Skirmisher |
| 27:38 | Create | Skirmisher |
| 28:18 | Create | Villager (Male) |
| 28:18 | Create | Villager (Male) |
| 28:18 | Create | Villager (Male) |
| 28:19 | Create | Villager (Male) |
| 28:32 | Build | Farm |
| 28:40 | Create | Trade Cart |
| 28:40 | Create | Trade Cart |
| 28:40 | Create | Trade Cart |
| 28:41 | Create | Trade Cart |
| 28:41 | Create | Trade Cart |
| 28:41 | Create | Trade Cart |
| 30:03 | Create | Scout Cavalry |
| 30:04 | Create | Scout Cavalry |
| 30:04 | Create | Scout Cavalry |
| 30:04 | Create | Scout Cavalry |
| 30:04 | Create | Scout Cavalry |
| 30:04 | Create | Scout Cavalry |
| 30:05 | Create | Scout Cavalry |
| 30:57 | Create | Spearman |
| 30:57 | Create | Spearman |
Build order — DigitalSixteen
First 150 of 251 actions detected
| 0:01 | Create | Villager (Male) |
| 0:02 | Create | Villager (Male) |
| 0:02 | Create | Villager (Male) |
| 0:02 | Create | Villager (Male) |
| 0:04 | Build | House |
| 0:05 | Build | House |
| 1:32 | Create | Villager (Male) |
| 1:32 | Create | Villager (Male) |
| 2:12 | Create | Villager (Male) |
| 2:13 | Create | Villager (Male) |
| 2:13 | Create | Villager (Male) |
| 2:18 | Build | Lumber Camp |
| 2:57 | Create | Villager (Male) |
| 2:57 | Create | Villager (Male) |
| 2:59 | Create | Villager (Male) |
| 2:59 | Create | Villager (Male) |
| 3:30 | Create | Villager (Male) |
| 3:30 | Create | Villager (Male) |
| 4:10 | Create | Villager (Male) |
| 4:11 | Create | Villager (Male) |
| 4:14 | Build | House |
| 4:38 | Build | Mill |
| 5:02 | Create | Villager (Male) |
| 5:38 | Create | Villager (Male) |
| 5:39 | Create | Villager (Male) |
| 5:39 | Create | Villager (Male) |
| 5:39 | Create | Villager (Male) |
| 6:02 | Create | Villager (Male) |
| 6:04 | Create | Villager (Male) |
| 6:04 | Create | Villager (Male) |
| 6:52 | Research | Loom |
| 6:59 | Build | House |
| 7:19 | Create | Villager (Male) |
| 7:19 | Create | Villager (Male) |
| 8:19 | Create | Villager (Male) |
| 8:27 | Build | Mining Camp |
| 8:49 | Research | Feudal Age |
| 9:13 | Create | Villager (Male) |
| 9:14 | Create | Villager (Male) |
| 9:14 | Create | Villager (Male) |
| 9:23 | Build | Lumber Camp |
| 10:14 | Build | Barracks |
| 10:40 | Build | Farm |
| 10:43 | Build | Farm |
| 10:59 | Age | Feudal Age |
| 11:14 | Build | House |
| 11:16 | Build | House |
| 11:18 | Create | Militia |
| 11:19 | Create | Militia |
| 11:19 | Create | Militia |
| 12:02 | Create | Militia |
| 12:04 | Research | Man-at-Arms (upgrade) |
| 12:11 | Build | Farm |
| 12:16 | Build | Farm |
| 12:18 | Build | Farm |
| 12:23 | Build | Farm |
| 12:26 | Build | Farm |
| 12:29 | Research | Double-Bit Axe |
| 12:39 | Build | House |
| 12:46 | Build | Palisade Gate |
| 13:31 | Build | Palisade Wall |
| 13:35 | Create | Militia |
| 13:46 | Create | Villager (Male) |
| 13:47 | Create | Villager (Male) |
| 13:47 | Create | Villager (Male) |
| 13:55 | Research | Horse Collar |
| 14:24 | Create | Villager (Male) |
| 14:24 | Create | Villager (Male) |
| 14:25 | Create | Villager (Male) |
| 14:25 | Create | Villager (Male) |
| 14:32 | Build | Farm |
| 14:32 | Build | Farm |
| 14:32 | Build | Farm |
| 14:33 | Build | Farm |
| 14:33 | Build | Farm |
| 15:02 | Create | Villager (Male) |
| 15:15 | Build | House |
| 15:52 | Build | Blacksmith |
| 16:08 | Create | Villager (Male) |
| 16:36 | Research | Scale Mail Armor |
| 16:36 | Research | Forging |
| 16:48 | Build | Market |
| 16:55 | Build | Farm |
| 16:55 | Build | Farm |
| 17:00 | Build | Farm |
| 17:05 | Research | Gold Mining |
| 17:31 | Create | Villager (Male) |
| 17:32 | Create | Villager (Male) |
| 17:45 | Build | Farm |
| 17:49 | Research | Wheelbarrow |
| 17:52 | Create | Villager (Male) |
| 17:52 | Create | Villager (Male) |
| 18:26 | Create | Villager (Male) |
| 18:46 | Build | Outpost |
| 18:54 | Build | Outpost |
| 19:47 | Build | Farm |
| 19:47 | Build | Farm |
| 19:48 | Build | Farm |
| 20:54 | Create | Villager (Male) |
| 20:54 | Create | Villager (Male) |
| 20:58 | Research | Castle Age |
| 22:10 | Research | Town Watch |
| 22:14 | Create | Villager (Male) |
| 22:14 | Create | Villager (Male) |
| 22:16 | Create | Villager (Male) |
| 22:21 | Research | Stone Mining |
| 22:27 | Build | Mining Camp |
| 22:50 | Create | Villager (Male) |
| 22:51 | Create | Villager (Male) |
| 23:19 | Build | Outpost |
| 23:33 | Build | Stone Wall |
| 23:38 | Age | Castle Age |
| 24:10 | Build | Siege Workshop |
| 24:12 | Build | Siege Workshop |
| 24:19 | Build | Monastery |
| 24:27 | Research | Chain Mail Armor |
| 24:31 | Research | Iron Casting |
| 24:44 | Build | University |
| 24:48 | Research | Bow Saw |
| 24:51 | Research | Gold Shaft Mining |
| 24:57 | Build | House |
| 24:58 | Build | House |
| 25:01 | Build | House |
| 25:02 | Build | House |
| 25:04 | Build | House |
| 25:07 | Create | Monk |
| 25:13 | Create | Scorpion |
| 25:13 | Create | Scorpion |
| 25:14 | Create | Scorpion |
| 25:14 | Create | Scorpion |
| 25:21 | Research | Pikeman (upgrade) |
| 25:22 | Research | Squires |
| 25:51 | Create | Villager (Male) |
| 25:52 | Create | Villager (Male) |
| 26:02 | Build | House |
| 26:02 | Build | House |
| 26:03 | Build | House |
| 26:08 | Research | Ballistics |
| 26:11 | Create | Villager (Male) |
| 26:11 | Create | Villager (Male) |
| 26:11 | Create | Villager (Male) |
| 26:50 | Build | Siege Workshop |
| 27:15 | Build | Palisade Wall |
| 27:26 | Build | Outpost |
| 27:51 | Create | Battering Ram |
| 27:54 | Create | Scorpion |
| 27:54 | Create | Scorpion |
| 27:56 | Create | Battering Ram |
| 28:20 | Build | Barracks |
| 29:08 | Build | Outpost |
Match timeline
| 6:17 | PROdutchy · first_building Barracks |
| 6:20 | HammeredLad · first_building Barracks |
| 8:40 | PROdutchy · wall_segment Palisade Wall x1 |
| 10:14 | DigitalSixteen · first_building Barracks |
| 10:26 | MagicTurtle · first_building Barracks |
| 10:59 | DigitalSixteen · age_up feudal |
| 10:59 | DigitalTwelve · age_up feudal |
| 11:25 | HammeredLad · age_up feudal |
| 11:30 | MagicTurtle · wall_segment Palisade Wall x11 |
| 11:32 | HammeredLad · first_building Archery Range |
| 11:36 | MagicTurtle · wall_segment Palisade Wall x17 |
| 11:40 | MagicTurtle · wall_segment Palisade Wall x9 |
| 12:03 | Banana Bandage · age_up feudal |
| 12:05 | MagicTurtle · wall_segment Palisade Wall x5 |
| 12:07 | MagicTurtle · wall_segment Palisade Wall x3 |
| 12:27 | PROdutchy · age_up feudal |
| 12:38 | PROdutchy · first_building Archery Range |
| 12:46 | Banana Bandage · wall_segment Palisade Wall x1 |
| 12:47 | Banana Bandage · wall_segment Palisade Wall x1 |
| 12:56 | Banana Bandage · wall_segment Palisade Wall x1 |
| 12:58 | Banana Bandage · wall_segment Palisade Wall x1 |
| 13:28 | DigitalTwelve · first_building Barracks |
| 13:31 | DigitalSixteen · wall_segment Palisade Wall x13 |
| 13:48 | MagicTurtle · age_up feudal |
| 14:00 | Banana Bandage · wall_segment Stone Wall x3 |
| 14:12 | Banana Bandage · wall_segment Palisade Wall x1 |
| 14:13 | MagicTurtle · wall_segment Stone Wall x1 |
| 14:31 | MagicTurtle · first_building Archery Range |
| 14:35 | Banana Bandage · wall_segment Stone Wall x1 |
| 14:36 | Banana Bandage · wall_segment Stone Wall x1 |
| 14:37 | Banana Bandage · wall_segment Stone Wall x1 |
| 14:44 | HammeredLad · first_building Stable |
| 15:05 | MagicTurtle · wall_segment Stone Wall x4 |
| 15:09 | MagicTurtle · wall_segment Stone Wall x12 |
| 15:41 | DigitalTwelve · wall_segment Palisade Wall x1 |
| 15:48 | Banana Bandage · first_building Barracks |
| 15:56 | MagicTurtle · wall_segment Stone Wall x1 |
| 15:57 | MagicTurtle · wall_segment Stone Wall x1 |
| 15:57 | MagicTurtle · wall_segment Stone Wall x1 |
| 15:58 | MagicTurtle · wall_segment Stone Wall x1 |
| 15:58 | MagicTurtle · wall_segment Stone Wall x1 |
| 16:00 | MagicTurtle · wall_segment Stone Wall x1 |
| 16:00 | MagicTurtle · wall_segment Stone Wall x1 |
| 16:31 | Banana Bandage · first_building Archery Range |
| 16:37 | MagicTurtle · wall_segment Stone Wall x7 |
| 16:52 | MagicTurtle · wall_segment Stone Wall x1 |
| 16:53 | MagicTurtle · wall_segment Stone Wall x1 |
| 16:53 | MagicTurtle · wall_segment Stone Wall x1 |
| 16:54 | MagicTurtle · wall_segment Stone Wall x1 |
| 16:55 | MagicTurtle · wall_segment Stone Wall x1 |
| 16:56 | MagicTurtle · wall_segment Stone Wall x1 |
| 16:56 | MagicTurtle · wall_segment Stone Wall x1 |
| 16:56 | MagicTurtle · wall_segment Stone Wall x1 |
| 17:42 | DigitalTwelve · wall_segment Stone Wall x12 |
| 17:55 | DigitalTwelve · wall_segment Stone Wall x9 |
| 18:00 | MagicTurtle · wall_segment Stone Wall x10 |
| 19:32 | HammeredLad · wall_segment Stone Wall x1 |
| 19:45 | DigitalTwelve · age_up castle |
| 19:48 | HammeredLad · wall_segment Stone Wall x4 |
| 20:15 | MagicTurtle · wall_segment Stone Wall x2 |
| 20:15 | Banana Bandage · age_up castle |
| 20:17 | Banana Bandage · wall_segment Stone Wall x5 |
| 20:22 | Banana Bandage · wall_segment Stone Wall x4 |
| 20:24 | Banana Bandage · wall_segment Stone Wall x6 |
| 21:02 | PROdutchy · first_building Stable |
| 21:19 | PROdutchy · age_up castle |
| 21:44 | DigitalTwelve · first_building Siege Workshop |
| 21:52 | HammeredLad · first_market_sell 100 wood |
| 21:56 | HammeredLad · first_market_buy 100 food |
| 23:10 | MagicTurtle · age_up castle |
| 23:27 | HammeredLad · wall_segment Stone Wall x2 |
| 23:31 | MagicTurtle · first_building Stable |
| 23:33 | DigitalSixteen · wall_segment Stone Wall x9 |
| 23:38 | DigitalSixteen · age_up castle |
| 23:52 | MagicTurtle · first_building Castle |
| 24:10 | DigitalSixteen · first_building Siege Workshop |
| 24:19 | DigitalSixteen · first_building Monastery |
| 24:48 | MagicTurtle · wall_segment Stone Wall x20 |
| 25:05 | DigitalTwelve · first_building Archery Range |
| 26:50 | HammeredLad · wall_segment Stone Wall x1 |
| 26:56 | Banana Bandage · first_building Siege Workshop |
| 27:02 | MagicTurtle · wall_segment Stone Wall x13 |
| 27:07 | HammeredLad · wall_segment Stone Wall x1 |
| 27:15 | DigitalSixteen · wall_segment Palisade Wall x15 |
| 27:44 | DigitalSixteen · first_market_buy 100 wood |
| 27:53 | Banana Bandage · first_building Castle |
| 28:09 | PROdutchy · first_building Castle |
| 28:56 | MagicTurtle · wall_segment Stone Wall x2 |
| 31:12 | Banana Bandage · first_building Stable |
| 31:47 | DigitalTwelve · first_building Castle |
| 32:12 | PROdutchy · first_building Monastery |
| 32:18 | DigitalSixteen · first_market_sell 500 food |
| 32:40 | Banana Bandage · wall_segment Stone Wall x29 |
| 33:04 | DigitalSixteen · first_building Castle |
| 33:56 | DigitalTwelve · wall_segment Stone Wall x17 |
| 34:17 | MagicTurtle · first_building Monastery |
| 35:01 | PROdutchy · wall_segment Stone Wall x29 |
| 35:33 | MagicTurtle · first_building Siege Workshop |
| 35:57 | PROdutchy · wall_segment Stone Wall x11 |
| 36:06 | HammeredLad · wall_segment Stone Wall x1 |
| 36:29 | Banana Bandage · age_up imperial |
| 36:42 | DigitalTwelve · wall_segment Stone Wall x8 |
| 36:48 | PROdutchy · first_building Siege Workshop |
| 36:56 | HammeredLad · age_up castle |
| 38:41 | DigitalTwelve · age_up imperial |
| 38:46 | DigitalTwelve · wall_segment Stone Wall x7 |
| 38:52 | PROdutchy · wall_segment Stone Wall x4 |
| 39:24 | DigitalSixteen · age_up imperial |
| 41:40 | DigitalTwelve · wall_segment Palisade Wall x1 |
| 41:53 | Banana Bandage · first_building Monastery |
| 43:36 | MagicTurtle · first_market_sell 100 food |
| 43:50 | PROdutchy · age_up imperial |
| 43:55 | DigitalSixteen · resign |
[ AI ANALYSIS · 1 CREDIT ]
What really happened in this match?
Wolo.gg analyzes every decision: build order, eco, micro, common mistakes by bracket. Personalized analysis on WhatsApp or Discord in 30 seconds.
Civ guide
Britons
Map guide
Fortified Clearing
Perfil
Jugador #4904621